 Dungeon Crawl Stone Soup version 0.31-a0-344-gd109795599 (webtiles) character file.

Game seed: 6606958458851540804

104 bmj180 the Chiller (level 4, -6/30 HPs)
             Began as a Merfolk Ice Elementalist on July 21, 2023.
             Mangled by a +0 flail of Modesty {spect, Int+5} (16 damage)
             ... created by a kobold
             ... on level 3 of the Dungeon.
             The game lasted 00:03:37 (2470 turns).

bmj180 the Chiller (Merfolk Ice Elementalist)       Turns: 2470, Time: 00:03:38

Health: -6/30      AC:  6    Str:  8    XL:     4   Next: 80%
Magic:  6/7        EV: 12    Int: 16    God:
Gold:   122        SH:  0    Dex: 14    Spells: 0/7 levels left

rFire   . . .        a - +0 halberd
rCold   . . .        (shield currently unavailable)
rNeg    . . .        l - +0 robe
rPois   .            n - +0 helmet
rElec   .            (no cloak)
rCorr   .            (no gloves)
SInv    .            u - +2 pair of boots
Will    .....        (no amulet)
Stlth   ++           p - ring of flight
HPRegen 0.25/turn    (no ring)
MPRegen 0.10/turn

%: no passive effects
@: flying
A: (nimble swimmer 2), mertail
a: no special abilities


You were on level 3 of the Dungeon.
You visited 1 branch of the dungeon, and saw 3 of its levels.

You collected 122 gold pieces.

Inventory:

Hand Weapons
 a - a +0 halberd (weapon)
 q - a +0 spear
Missiles
 g - 35 stones
 h - 5 atropa-tipped darts
 r - 6 poisoned darts (quivered)
Armour
 f - a +0 leather armour
 l - a +0 robe (worn)
 n - a +0 helmet (worn)
 u - a +2 pair of boots (worn)
Jewellery
 p - a ring of flight (left hand)
Scrolls
 c - 2 scrolls of identify {unknown}
 i - a scroll of revelation {unknown}
 j - 2 scrolls of immolation {unknown}
 o - a scroll of butterflies {unknown}
 s - a scroll of fear {unknown}
 v - a scroll of vulnerability {unknown}
Potions
 b - a potion of magic
 d - 3 potions of curing {unknown}
 e - a potion of ambrosia {unknown}
 k - 3 potions of heal wounds {unknown}
 m - a potion of cancellation {unknown}
 t - a potion of attraction {unknown}


   Skills:
 * Level 0.2 Fighting
 + Level 0.1 Maces & Flails
 * Level 0.2 Polearms
 * Level 0.3 Throwing
 * Level 1.8 Armour
 + Level 2.7 Dodging
 + Level 2.3 Stealth
 * Level 2.3 Spellcasting
 * Level 5.3 Ice Magic


You couldn't memorise any spells.
You knew the following spells:

 Your Spells              Type           Power      Damage    Failure   Level
a - Freeze                Ice            72%        1d8       2%          1
b - Frozen Ramparts       Ice            36%        1d6       7%          3
c - Ozocubu's Armour      Ice            18%        N/A       7%          3

Your spell library contained the following spells:

 Spells                   Type           Power      Damage    Failure   Level
 Vhi's Electric Charge    Tloc/Air       2%         N/A       52%         3
 Summon Ice Beast         Ice/Summ       10%        N/A       54%         4
 Arcjolt                  Conj/Air       0%         1d10      99%         5
 Plasma Beam              Fire/Air       0%         2x1d10    100%        6


Dungeon Overview and Level Annotations

Branches:
Dungeon (3/15)

Altars:
Kikubaaqudgha
Sif Muna
Zin


Innate Abilities, Weirdness & Mutations

((You are very nimble when in or above water. (Stealth+, EV+, Speed+++)))
Your lower body shifts to a powerful aquatic tail in water.


Message History

Casting: Freeze (safe; 2% risk of failure)
Confirm with . or Enter, or press ? or * to list all spells.
Aiming: Freeze (safe; 2% risk of failure)
Press: ? - help, Shift-Dir - straight line, f - frilled lizard
Aim: a frilled lizard You freeze the frilled lizard.
You kill the frilled lizard!
Unknown command.
Casting: Freeze (safe; 2% risk of failure)
Confirm with . or Enter, or press ? or * to list all spells.
You can't see any susceptible monsters within range! (Use Z to cast anyway.) Unknown command.
Found a short sword.
You now have 122 gold pieces (gained 8).
You see here a +0 short sword.
Found a mace.
Found a glowing silver altar of Zin.
A kobold comes into view.
It is wielding the +0 flail of Modesty {spect, Int+5}.
There is an open door here.
The kobold shouts!
You see here 2 poisoned darts.
r - 6 poisoned darts (gained 2)
The kobold closely misses you.
The +0 flail of Modesty {spect, Int+5} hits you!
A +0 flail of Modesty {spect, Int+5} comes into view.
Casting: Freeze (safe; 2% risk of failure)
Confirm with . or Enter, or press ? or * to list all spells.
Aiming: Freeze (safe; 2% risk of failure)
Press: ? - help, Shift-Dir - straight line, f - +0 flail of Modesty {spect, Int+5}
Aim: a +0 flail of Modesty {spect, Int+5} (durably summoned)
You freeze the +0 flail of Modesty {spect, Int+5}.
The +0 flail of Modesty {spect, Int+5} resists.
The kobold shares its spectral weapon's damage!
The +0 flail of Modesty {spect, Int+5} is lightly damaged.
The +0 flail of Modesty {spect, Int+5} hits you.
The +0 flail of Modesty {spect, Int+5} hits you!
The kobold closely misses you.
The +0 flail of Modesty {spect, Int+5} hits you!
Ouch! That really hurt!
You die...

#.. +##+ #)## ... ..
#..# .. #. #..+##' #'
####.##..# .
#.....#..#'###'#
#.##..#..#.....#
#########.###.'.(K.._..'
..........# ###.@#.....
.########.# #..# ##'
).........# #..#
.########.. '##+ .# ####
## .## ..### ##+# ....#
##### #..# ..#.###
#...####.#


You could see a +0 flail of Modesty {spect, Int+5} and a kobold.

Vanquished Creatures
  An iguana (D:3)
  3 adders (D:2)
  A worm (D:2)
  3 dart slugs
  A ball python (D:3)
  5 bats
  5 endoplasms
  4 hobgoblins
  3 quokkas
  3 frilled lizards
  6 goblins
  2 kobolds (D:3)
  6 rats
43 creatures vanquished.

Notes
Turn   | Place    | Note
-------+----------+-------------------------------------------
     0 | D:1      | bmj180 the Merfolk Ice Elementalist began the quest for the
                  | Orb.
     0 | D:1      | Reached XP level 1. HP: 13/13 MP: 3/3
   192 | D:1      | Reached XP level 2. HP: 19/19 MP: 3/5
   593 | D:1      | Reached skill level 5 in Ice Magic
   887 | D:2      | Reached XP level 3. HP: 16/24 MP: 1/6
  1434 | D:2      | Reached skill level 1 in Armour
  1441 | D:2      | Reached XP level 4. HP: 18/30 MP: 2/7
  2190 | D:3      | Found a shimmering blue altar of Sif Muna.
  2231 | D:3      | Found an ancient bone altar of Kikubaaqudgha.
  2391 | D:3      | Learned a level 3 spell: Frozen Ramparts
  2395 | D:3      | Learned a level 3 spell: Ozocubu's Armour
  2465 | D:3      | Found a glowing silver altar of Zin.
  2465 | D:3      | Identified the +0 flail of Modesty {spect, Int+5}
  2470 | D:3      | Mangled by a +0 flail of Modesty {spect, Int+5}

Illustrated notes

Levels and vault maps discovered:
D:1:      dpeg_arrival_lava_altar, layout_basic
D:2:      layout_loops_corners
D:3:      layout_loops_ring, lemuel_crystal_altar, mainiacjoe_overflow_24_doors,
          mainiacjoe_overflow_boulevard

Skill      XL: |  1  2  3 |
---------------+----------+-----
Ice Magic      | 5 |  5.3
Armour         | 1 |  1.8
Fighting       | |  0.2
Maces & Flails | |  0.1
Polearms       | |  0.2
Throwing       | |  0.3
Dodging        | |  2.7
Stealth        | |  2.3
Spellcasting   | |  2.3

Action                     |  1- 3 |  4- 6 || total
---------------------------+-------+-------++-------
  Melee: Dagger            |     4 |       ||     4
         Halberd           |    19 |    11 ||    30
         Mace              |     3 |       ||     3
   Cast: Freeze            |    39 |    24 ||    63
   Stab: Sleeping          |       |     1 ||     1
 Armour: Robe              |     6 |     6 ||    12
  Dodge: Dodged            |    33 |     7 ||    40

Table legend: (Time is in decaauts)
 A = Elapsed time spent in this place.
 B = Non-inter-level travel time spent in this place.
 C = Inter-level travel time spent in this place.
 D = Time resting spent in this place.
 E = Time spent auto-exploring this place.
 F = Levels seen in this place.
 G = Mean time per level.
                   A        B        C        D        E       F      G
               +--------+--------+--------+--------+--------+-----+--------+
         Total |   2483 |   2428 |     55 |     46 |   1879 |   3 |  827.7 |
       Dungeon |   2483 |   2428 |     55 |     46 |   1879 |   3 |  827.7 |
               +--------+--------+--------+--------+--------+-----+--------+

Top non-repeatable levels by time:
     D:2: 1177 daAuts
     D:1: 868 daAuts
     D:3: 437 daAuts
